 Dungeon Crawl Stone Soup version 0.31-a0-1522-g43313d8a59 (webtiles) character file.

Game seed: 9282815913551172877

127005 browni3141 the Brawler (level 17, 0/77 (135) HPs)
             Began as a Formicid Shapeshifter on Dec 31, 2023.
             Was an Elder of Ru.
             Slain by a thrashing horror (2 damage)
             ... on level 3 of the Abyss.
             The game lasted 01:19:08 (38614 turns).

browni3141 the Brawler (Formicid Shapeshifter)     Turns: 38614, Time: 01:19:08

HP:   0/77 (135)    AC: 11    Str: 26    XL:     17   Next: 55%
MP:   0/17          EV: 19    Int:  7    God:    Ru [****..]
Gold: 1939          SH: 13    Dex: 19    Spells: 16/16 levels left

rFire   . .          .
                       - Unarmed
rCold   . . .        U - +0 kite shield {reflect}
rNeg    + . .        q - +4 ring mail of the Alphagorgon {rElec rPois rN+}
rPois   +            (helmet unavailable)
rElec   +            O - melded +1 cloak
rCorr   .            X - melded +0 pair of gloves
SInv    +            I - melded +2 pair of boots
Will    ++...        D - amulet of guardian spirit
Stlth   ++           v - +6 ring of strength
HPRegen 0.32/turn    B - ring of willpower
MPRegen 0.15/turn

%: reflection, guardian spirit
@: exhausted, beast-form, flayed, very heavily drained
A: beast (slay +4), permanent stasis, dig shafts and tunnels, antennae 3,
inability to drink after injury 2, inability to read after injury 2, no hexes
magic, no ice magic, no summoning magic, four strong arms, [dopey 2]
a: Dig, Shaft Self, Begin Untransformation, Renounce Religion, Draw Out Power,
Power Leap


You were on level 3 of the Abyss.
You worshipped Ru.
Ru was greatly pleased with you.
You were a hulking beast.
You visited 5 branches of the dungeon, and saw 25 of its levels.
You visited the Abyss 2 times.

You collected 2760 gold pieces.
You spent 821 gold pieces at shops.

Inventory:

Hand Weapons
 b - a +0 arbalest of flaming
Missiles
 H - a throwing net
 T - 5 curare-tipped darts
Armour
 a - a +9 plate armour of ponderousness
 q - the +4 ring mail of the Alphagorgon (worn) {rElec rPois rN+}
   (You found it on level 15 of the Dungeon)

   rElec:     It insulates you from electricity.
   rPois:     It protects you from poison rN+: It protects you from negative
   energy.
 E - an orb of guile
 I - a +2 pair of boots (melded)
 O - a +1 cloak (melded)
 U - a +0 kite shield of reflection (worn)
 X - a +0 pair of gloves (melded)
Jewellery
 r - a ring of poison resistance
 v - a +6 ring of strength (left hand)
 z - a ring of resist corrosion
 A - a ring of flight
 B - a ring of willpower (right hand)
 D - an amulet of guardian spirit (around neck)
Talismans
 c - the serpent talisman of Mumblety Peg {Dex+3}
   (You took it off Aizul on level 1 of the Snake Pit)

   [serpent talisman]

   Dex+3:     It affects your dexterity (+3).
 d - a flux talisman
 N - a beast talisman (active)
Wands
 o - a wand of flame (12)
 x - a wand of mindburst (4)
 M - a wand of light (9)
 V - a wand of digging (6)
 Y - a wand of roots (5)
 Z - a wand of paralysis (2)
Scrolls
 f - 3 scrolls of identify
 g - 3 scrolls of revelation
 j - 5 scrolls of fog
 m - 2 scrolls of poison
 s - 3 scrolls of noise
 t - 2 scrolls of vulnerability
 F - a scroll of immolation
 G - 7 scrolls of fear
 R - a scroll of enchant armour
 W - a scroll of silence
Potions
 e - a potion of mutation
 i - 2 potions of enlightenment
 k - 4 potions of lignification
 l - 7 potions of brilliance
 p - a potion of invisibility
 u - 8 potions of heal wounds
 y - 12 potions of curing
 C - a potion of ambrosia
 K - 4 potions of might
 L - a potion of cancellation
 P - a potion of attraction
 Q - 2 potions of magic
 S - 2 potions of berserk rage
Miscellaneous
 h - a phantom mirror (inert)


   Skills:
 - Level 12.5 Fighting
 * Level 11.4 Armour
 * Level 13.0 Dodging
 - Level 2.0 Stealth
 - Level 11.0 Shields
 - Level 16.0 Unarmed Combat
 - Level 2.0 Evocations
 - Level 14.0 Shapeshifting


You had 16 spell levels left.
You didn't know any spells.
Your spell library contained the following spells:

 Spells                   Type           Power      Damage    Failure   Level
 Sting                    Conj/Alch      0%         1d3       71%         1
 Lesser Beckoning         Tloc           0%         N/A       83%         2
 Mercury Vapours          Alch/Air       0%         N/A       83%         2
 Momentum Strike          Conj/Tloc      0%         3d8       83%         2
 Sublimation of Blood     Necr           0%         N/A       83%         2
 Fugue of the Fallen      Necr           0%         N/A       97%         3
 Gell's Gravitas          Tloc           0%         N/A       97%         3
 Teleport Other           Tloc           0%         N/A       97%         3
 Volatile Blastmotes      Fire/Tloc      0%         2d10      97%         3
 Fulminant Prism          Conj/Alch      0%         3d5       100%        4
 Iskenderun's Mystic Bla  Conj/Tloc      0%         2d3       100%        4
 Manifold Assault         Tloc           0%         N/A       100%        4
 Olgreb's Toxic Radiance  Alch           0%         N/A       100%        4
 Arcjolt                  Conj/Air       0%         1d10      100%        5
 Conjure Ball Lightning   Conj/Air       0%         3x3d6     100%        6
 Eringya's Noxious Bog    Alch           0%         4d6       100%        6
 Starburst                Conj/Fire      0%         6d3       100%        6
 Disjunction              Tloc           0%         N/A       100%        8
 Maxwell's Capacitive Co  Air            0%         ∞         100%        8
 Summon Small Mammal      Summ           Unusable   N/A       N/A         1
 Blink                    Tloc           Unusable   N/A       N/A         2
 Call Imp                 Summ           Unusable   N/A       N/A         2
 Dazzling Flash           Conj/Hex       Unusable   N/A       N/A         3
 Ozocubu's Armour         Ice            Unusable   N/A       N/A         3
 Summon Lightning Spire   Summ/Air       Unusable   N/A       N/A         4
 Vhi's Electric Charge    Tloc/Air       Unusable   N/A       N/A         4
 Freezing Cloud           Conj/Ice/Air   Unusable   6-21      N/A         5
 Summon Forest            Summ/Tloc      Unusable   N/A       N/A         5
 Summon Mana Viper        Hex/Summ       Unusable   N/A       N/A         5
 Sculpt Simulacrum        Ice/Alch       Unusable   N/A       N/A         6
 Summon Cactus Giant      Summ           Unusable   N/A       N/A         6
 Ozocubu's Refrigeration  Ice            Unusable   4d7       N/A         7
 Summon Hydra             Summ           Unusable   N/A       N/A         7
 Discord                  Hex            Unusable   N/A       N/A         8
 Polar Vortex             Ice            Unusable   N/A       N/A         9

Dungeon Overview and Level Annotations

Branches:
Dungeon (15/15)            Temple (1/1) D:5            Lair (5/5) D:10
 Shoals (0/4) Lair:3        Snake (2/4) Lair:2        Slime (0/5) Lair:4
    Orc (2/2) D:11            Elf (0/3) Orc:2        Vaults (0/5) D:13
 Depths (0/4) D:15

Altars:
Ashenzari
Cheibriados
Dithmenos
Elyvilon
Fedhas
Gozag
Hepliaklqana
Kikubaaqudgha
Makhleb
Nemelex Xobeh
Okawaru
Qazlal
Ru
Sif Muna
Trog
Uskayaw
Vehumet
Wu Jian
Xom
Yredelemnul
Zin
The Shining One
Lugonu

Shops:
D:8 ?   Orc:2 ([![**

Annotations:
D:14 2 runed translucent doors, Sarer's ghost, journeyman MiBe
Lair:5 exclusion: obsidian statue
Snake:2 Louise


Innate Abilities, Weirdness & Mutations

You are a hulking beast.
Your limbs bulge with bestial killing power. (Slay +4)
You cannot be hasted, slowed, berserked, paralysed or teleported.
You can dig through walls and to a lower floor.
You have a pair of large antennae on your head. (SInv)
You sometimes lose the ability to drink potions when taking damage.
You sometimes lose the ability to read scrolls when taking damage.
You cannot study or cast Hexes magic.
You cannot study or cast Ice magic.
You cannot study or cast Summoning magic.
Your four strong arms can wield two-handed weapons with a shield.
[You are very dopey. (Int -4)]


Message History

The laughing skull begins to attack, but is stunned by your conviction!
The thrashing horror tramples you!
You hold your ground!
The thrashing horror tramples you!
* * * LOW HITPOINT WARNING * * *
You hold your ground!
The raiju bursts into living lightning!
The living lightning hits you but does no damage.
You resist.
The raiju blinks!
The laughing skull begins to attack, but is stunned by your conviction!
Okay, then.
You retract your mandibles.
You float gracefully downwards.
A guardian serpent comes into view.
Your enlightenment fades.
The guardian serpent shouts!
You hear a roar!
The guardian serpent begins to cast a spell, but is stunned by your conviction!
The thrashing horror completely misses you.
The thrashing horror barely misses you.
The guardian serpent casts a spell at you.
You resist with almost no effort.
Unknown command.
The flayed ghost begins to attack, but is stunned by your conviction!
Unknown command.
A thrashing horror comes into view.
You block the thrashing horror's attack.
The thrashing horror tramples you but does no damage.
The flayed ghost cries, "Feel what I felt!"
Terrible wounds open up all over your body!
* * * LOW HITPOINT WARNING * * *
Unknown command.
The thrashing horror roars!
The thrashing horror tramples you!
* * * LOW HITPOINT WARNING * * *
You stumble backwards!
The laughing skull lets out a vicious peal of laugher.
The bolt of negative energy hits the thrashing horror.
The thrashing horror completely resists.
The bolt of negative energy hits you! You partially resist.
You feel drained.
* * * LOW HITPOINT WARNING * * *
The thrashing horror tramples you.
You die...

~. ~~ .# .#♣~#..
≈..≈..#.# ####
~..#.....
..#..##..#....
#....#.S.##..#
≈.#~.*#..##X.##
.~.~.S.##.h.##... ##
##..~##.##X.....# #.
*.W##~#.x....####
#.~~...#....z.......
.≈~~~..#W####.#......
3 #.#{###'''##...
##{#z#z.....##. .
#{###.Z...#... . ##.
{##...... .


You could see a flayed ghost, 2 thrashing horrors, a small abomination, 2
laughing skulls and a dire elephant skeleton.

Vanquished Creatures
  Kirke (Snake:1)
  Frances (Snake:2)
  Gastronok (D:8)
  Aizul (Snake:1)
  Donald (Orc:2)
  A deep elf sorcerer (Abyss:3)
  2 dire elephants (Lair:5)
  A rakshasa (D:15)
  A catoblepas (Lair:4)
  7 ogre magi
  6 hydras
  3 centaur warriors
  Erolcha (D:10)
  3 boulder beetles
  3 anacondas
  22 two-headed ogres
  13 death yaks
  A tengu warrior (D:14)
  5 naga warriors
  A spectral dire elephant (Lair:5)
  Urug (Lair:4)
  A demonic crawler (Abyss:3)
  An orc high priest (Orc:1)
  4 naga sharpshooters
  2 shock serpents (Snake:1)
  Nergalle (Lair:2)
  A salamander mystic (Snake:2)
  A titan skeleton (Abyss:3)
  A wretched star (Abyss:3)
  Lodul (D:13)
  Amaemon (D:8)
  2 spectral death yaks (Lair:5)
  A spectral anaconda (Lair:5)
  An arcanist (D:13)
  2 naga ritualists (Snake:1)
  3 necromancers (Lair:5)
  4 mana vipers
  A wolf spider (D:15)
  3 deep elf pyromancers
  4 ugly things (D:7)
  Maurice (D:10)
  An orc sorcerer (Orc:1)
  An oklob plant (D:11)
  A merfolk siren (Lair:3)
  A cyclops (D:15)
  10 elephants (Lair:5)
  5 salamanders
  A kobold blastminer (Orc:1)
  3 meliai (D:13)
  A stone giant skeleton (Abyss:3)
  6 naga magi
  A black mamba (shapeshifter) (D:15)
  A torpor snail (Lair:5)
  A guardian serpent (Snake:1)
  15 cane toads
  10 black mambas
  A smoke demon (Abyss:3)
  2 gargoyles
  3 large abominations (Abyss:3)
  An orange demon (D:8)
  A kobold demonologist (D:14)
  4 rime drakes
  8 komodo dragons
  An efreet (D:13)
  2 tengu conjurers (D:15)
  3 hornets
  3 spectral elephants (Lair:5)
  3 trolls
  A polar bear (Lair:1)
  Prince Ribbit (D:7)
  4 dream sheep (Lair:5)
  11 blink frogs
  2 raiju (Abyss:3)
  A raiju (shapeshifter) (D:13)
  Sigmund (D:3)
  A shadow (D:12)
  5 small abominations (D:7)
  6 slime creatures
  54 yaks
  A ynoxinul (Abyss:3)
  5 wyverns
  5 wraiths
  4 starcursed masses (Abyss:3)
  10 basilisks
  2 death yak simulacra (Lair:5)
  A hog (Snake:1)
  2 vampire mosquitoes (D:14)
  2 spectral cane toads (Lair:5)
  An acid dragon (D:7)
  21 water moccasins
  20 nagas
  An elephant zombie (Lair:5)
  An ice beast (D:8)
  A sky beast (D:7)
  2 black bears (D:7)
  7 boggarts (D:15)
  A meliai simulacrum (D:15)
  36 ogres
  10 orc warriors
  25 wolves
  9 laughing skulls
  2 elephant skeletons (Lair:5)
  4 centaurs
  A cane toad simulacrum (Lair:5)
  10 bullfrogs
  2 scorpions
  11 wights
  An oklob sapling (D:11)
  An elephant simulacrum (Lair:5)
  3 howler monkeys (D:9)
  21 killer bees
  4 jellies
  19 orc priests
  2 hounds (D:6)
  4 iguanas
  22 orc wizards
  10 hell rats
  11 gnolls
  12 adders
  A shadow imp (D:7)
  3 white imps
  A dart slug (D:2)
  2 ribbon worms (D:3)
  79 orcs
  4 bats
  11 endoplasms
  A giant cockroach (D:2)
  6 hobgoblins
  5 jackals
  5 kobolds
  3 quokkas
  12 ball pythons
  5 rats
734 creatures vanquished.

Vanquished Creatures (others)
  A hydra (Lair:5)
  An anaconda (Snake:1)
  A boulder beetle (D:13)
  A two-headed ogre (D:11)
  A naga warrior (Snake:1)
  A komodo dragon (Lair:2)
  A blink frog (Lair:2)
  2 slime creatures
  A starcursed mass (Abyss:3)
  A naga (Snake:2)
  An ogre (Orc:2)
  A hell rat (Lair:4)
13 creatures vanquished.

Grand Total: 747 creatures vanquished

Notes
Turn   | Place    | Note
-------+----------+-------------------------------------------
     0 | D:1      | browni3141 the Formicid Shapeshifter began the quest for
                  | the Orb.
     0 | D:1      | Reached XP level 1. HP: 15/15 MP: 1/1
   114 | D:1      | Reached XP level 2. HP: 12/21 MP: 2/2
   171 | D:1      | Found a faded altar of an unknown god.
   509 | D:1      | Reached skill level 1 in Stealth
   819 | D:1      | Reached XP level 3. HP: 26/26 MP: 3/3
  1334 | D:2      | Reached XP level 4. HP: 30/32 MP: 4/4
  2002 | D:3      | Reached XP level 5. HP: 38/38 MP: 5/5
  2018 | D:3      | Found a sparkling altar of Nemelex Xobeh.
  2018 | D:3      | Noticed Sigmund
  2048 | D:3      | Killed Sigmund
  2049 | D:3      | Reached skill level 4 in Unarmed Combat
  2049 | D:3      | Reached skill level 5 in Shapeshifting
  2049 | D:3      | Reached XP level 6. HP: 44/44 MP: 6/6
  2532 | D:4      | Found a bloodstained altar of Trog.
  2578 | D:4      | Found a white marble altar of Elyvilon.
  2598 | D:4      | Reached XP level 7. HP: 28/50 MP: 7/7
  2922 | D:5      | Entered Level 5 of the Dungeon
  2948 | D:5      | Found a staircase to the Ecumenical Temple.
  2985 | Temple   | Entered the Ecumenical Temple
  3392 | D:5      | Reached skill level 5 in Armour
  4320 | D:6      | Reached XP level 8. HP: 56/56 MP: 8/8
  4474 | D:6      | Found a shimmering altar of Xom.
  4659 | D:6      | Reached skill level 1 in Evocations
  4918 | D:6      | Noticed a yak
  4920 | D:6      | Noticed a yak
  5040 | D:6      | Noticed a yak
  5040 | D:6      | Noticed a yak
  5040 | D:6      | Noticed a yak
  5041 | D:6      | Noticed a yak
  5063 | D:6      | Killed a yak
  5146 | D:6      | Found a stormy altar of Qazlal.
  5428 | D:6      | Killed a yak
  5429 | D:6      | Reached skill level 5 in Unarmed Combat
  5494 | D:6      | Killed a yak
  5495 | D:6      | Reached XP level 9. HP: 54/64 MP: 6/9
  5550 | D:5      | HP: 2/65 [yak (13)]
  5554 | D:5      | Reached skill level 6 in Unarmed Combat
  5817 | D:6      | Found a shimmering altar of Xom.
  5911 | D:6      | Found a stormy altar of Qazlal.
  6410 | D:7      | Found a basalt altar of Yredelemnul.
  7178 | D:7      | Found a transporter.
  7178 | D:7      | Noticed a cyan ugly thing
  7179 | D:7      | Noticed a brown ugly thing
  7180 | D:7      | Found a corrupted altar of Lugonu.
  7180 | D:7      | Noticed a cyan ugly thing
  7251 | D:7      | Reached skill level 7 in Unarmed Combat
  7583 | D:7      | Found a transporter.
  7598 | D:7      | Got the Folio of Adjuration and Graupel
  7599 | D:7      | Found a sacrificial altar of Ru.
  7686 | D:7      | Reached skill level 5 in Fighting
  7790 | D:7      | Found an ancient bone altar of Kikubaaqudgha.
  7790 | D:7      | Found a glowing silver altar of Zin.
  7790 | D:7      | Found a hazy altar of Hepliaklqana.
  7893 | D:7      | Noticed a purple ugly thing
  7956 | D:7      | Became a worshipper of Ru the Awakened
  8024 | D:7      | Reached XP level 10. HP: 54/74 MP: 7/10
  8078 | D:8      | Noticed Prince Ribbit
  8078 | D:8      | Noticed an orange demon
  8079 | D:8      | Noticed Amaemon
  8087 | D:7      | Killed Prince Ribbit
  8150 | D:8      | Noticed Gastronok
  8553 | D:7      | Reached skill level 8 in Unarmed Combat
  9153 | D:8      | Found Upli's Magic Scroll Shoppe.
  9160 | D:8      | Bought a scroll of fear for 56 gold pieces
  9160 | D:8      | Bought a scroll of immolation for 56 gold pieces
  9160 | D:8      | Bought a scroll of poison for 56 gold pieces
  9160 | D:8      | Bought a scroll of revelation for 105 gold pieces
  9507 | D:8      | Gained mutation: You occasionally lose the ability to read
                  | scrolls when taking damage. [Ru sacrifice]
  9507 | D:8      | Gained mutation: You sometimes lose the ability to read
                  | scrolls when taking damage. [Ru sacrifice]
  9507 | D:8      | Reached * piety under Ru
  9537 | D:8      | Identified the staff of the Singing Saviour {SInv Stlth+
                  | Conj Air Earth}
  9618 | D:8      | Killed Amaemon
  9619 | D:8      | Reached skill level 9 in Unarmed Combat
  9846 | D:8      | Killed an orange demon
  9847 | D:8      | Reached skill level 10 in Shapeshifting
  9847 | D:8      | Reached XP level 11. HP: 40/70 MP: 7/11
 10200 | D:8      | Killed Gastronok
 10439 | D:9      | Reached skill level 10 in Unarmed Combat
 10796 | D:9      | Found a hide-covered altar of Uskayaw.
 11316 | D:10     | Entered Level 10 of the Dungeon
 11318 | D:10     | Noticed Maurice
 11329 | D:10     | Maurice stole a ring of resist corrosion
 11581 | D:10     | Maurice stole an orb of guile
 11582 | D:10     | Maurice stole a throwing net
 11587 | D:10     | Maurice stole a beast talisman
 11589 | D:10     | Killed Maurice
 12046 | D:10     | Found a staircase to the Lair.
 12061 | D:10     | Noticed a centaur warrior
 12395 | D:10     | Killed a centaur warrior
 12499 | D:10     | Reached skill level 11 in Unarmed Combat
 12499 | D:10     | Reached XP level 12. HP: 92/92 MP: 12/12
 12554 | D:10     | Noticed Erolcha
 12558 | D:10     | Killed Erolcha
 12965 | D:11     | Gained mutation: You occasionally lose the ability to drink
                  | potions when taking damage. [Ru sacrifice]
 12965 | D:11     | Gained mutation: You sometimes lose the ability to drink
                  | potions when taking damage. [Ru sacrifice]
 12965 | D:11     | Reached ** piety under Ru
 12965 | D:11     | Reached *** piety under Ru
 13396 | D:11     | Noticed a two-headed ogre
 13433 | D:11     | Killed a two-headed ogre
 13927 | D:11     | Found a staircase to the Orcish Mines.
 14317 | D:11     | Found a staircase to the Orcish Mines.
 14899 | Lair:1   | Entered Level 1 of the Lair of Beasts
 14899 | Lair:1   | Noticed a death yak
 14899 | Lair:1   | Noticed a death yak
 14900 | Lair:1   | Noticed a death yak
 14910 | Lair:1   | Killed a death yak
 14914 | Lair:1   | Killed a death yak
 14917 | Lair:1   | Killed a death yak
 14918 | Lair:1   | Reached skill level 12 in Unarmed Combat
 15603 | Lair:1   | Reached XP level 13. HP: 96/101 MP: 13/13
 15675 | Lair:1   | Gained mutation: You cannot study or cast Ice magic. [Ru
                  | sacrifice]
 15675 | Lair:1   | Gained mutation: You cannot study or cast Hexes magic. [Ru
                  | sacrifice]
 15675 | Lair:1   | Gained mutation: You cannot study or cast Summoning magic.
                  | [Ru sacrifice]
 15675 | Lair:1   | Reached **** piety under Ru
 16078 | Lair:2   | Noticed Nergalle
 16088 | Lair:2   | Noticed an eight-headed hydra
 16089 | Lair:2   | Killed Nergalle
 16353 | Lair:2   | Killed an eight-headed hydra
 16357 | Lair:2   | Reached skill level 5 in Dodging
 16499 | Lair:2   | Reached skill level 13 in Unarmed Combat
 16768 | Lair:2   | Reached skill level 10 in Fighting
 16981 | Lair:2   | Found a staircase to the Snake Pit.
 18732 | Lair:3   | Found a staircase to the Shoals.
 19753 | Lair:4   | Noticed a five-headed hydra
 19764 | Lair:4   | Killed a five-headed hydra
 19765 | Lair:4   | Reached XP level 14. HP: 86/111 MP: 14/14
 20098 | Lair:4   | Noticed Urug
 20109 | Lair:4   | Killed Urug
 20305 | Lair:4   | Found a staircase to the Slime Pits.
 20799 | Lair:5   | Entered Level 5 of the Lair of Beasts
 20878 | Lair:5   | Reached skill level 14 in Unarmed Combat
 21869 | Lair:5   | Noticed a dire elephant
 21878 | Lair:5   | Noticed a dire elephant
 22228 | Orc:1    | Entered Level 1 of the Orcish Mines
 22438 | Orc:2    | Entered Level 2 of the Orcish Mines
 22535 | Orc:2    | Found a staircase to the Elven Halls.
 22685 | Orc:2    | Reached skill level 15 in Unarmed Combat
 22794 | Orc:2    | Reached XP level 15. HP: 84/120 MP: 15/15
 23264 | Orc:2    | Found Nedamp's Antique Weapon Shoppe.
 23264 | Orc:2    | Found Feshute's Distillery.
 23266 | Orc:2    | Found Qyiger's Antique Armour Boutique.
 23266 | Orc:2    | Found Hygaloze's Antique Armour Emporium.
 23279 | Orc:2    | Bought a potion of might for 56 gold pieces
 23279 | Orc:2    | Bought a potion of degeneration for 14 gold pieces
 23495 | Orc:2    | Found Dugruo's Assorted Antiques.
 23587 | Orc:2    | Found Viadgh's CLEARANCE SALE!.
 23591 | Orc:2    | Bought 2 potions of curing for 24 gold pieces
 23591 | Orc:2    | Bought a scroll of identify for 8 gold pieces
 23706 | Orc:2    | Noticed Donald
 23722 | Orc:2    | Killed Donald
 24033 | Orc:1    | Reached skill level 10 in Dodging
 24817 | Orc:2    | Bought a potion of heal wounds for 70 gold pieces
 24817 | Orc:2    | Bought a potion of might for 56 gold pieces
 24817 | Orc:2    | Bought a potion of heal wounds for 70 gold pieces
 24817 | Orc:2    | Bought a potion of heal wounds for 70 gold pieces
 24872 | Orc:2    | Bought a +9 plate armour of ponderousness for 180 gold
                  | pieces
 25547 | D:12     | Reached skill level 1 in Shields
 26928 | D:13     | Noticed Lodul
 26965 | D:13     | Killed Lodul
 27315 | D:13     | Found a gate to the Vaults.
 27617 | D:13     | Reached skill level 16 in Unarmed Combat
 28983 | D:13     | Found a gate to the Vaults.
 29484 | D:14     | Found a blossoming altar of Fedhas.
 29566 | D:14     | Found a runed translucent door.
 29568 | D:14     | Noticed a lich
 29573 | D:14     | Noticed Sarer's ghost (journeyman MiBe)
 29574 | D:14     | Found a runed translucent door.
 29887 | D:15     | Entered Level 15 of the Dungeon
 29918 | D:15     | Found a hide-covered altar of Uskayaw.
 30059 | D:15     | Reached skill level 5 in Shields
 30064 | D:15     | Reached XP level 16. HP: 60/116 MP: 7/16
 30657 | D:15     | Identified the +4 ring mail of the Alphagorgon {rElec rPois
                  | rN+}
 33613 | Snake:1  | Entered Level 1 of the Snake Pit
 34860 | Snake:1  | Reached XP level 17. HP: 119/131 MP: 7/17
 34871 | Snake:1  | Reached skill level 10 in Shields
 34935 | Snake:1  | Identified the serpent talisman of Mumblety Peg {Dex+3}
 34935 | Snake:1  | Noticed Aizul
 34952 | Snake:1  | Killed Aizul
 34953 | Snake:1  | Reached skill level 10 in Armour
 35755 | Snake:1  | Noticed Kirke
 35780 | Snake:1  | Killed Kirke
 36403 | Snake:2  | Noticed Frances
 36415 | Snake:2  | Killed Frances
 36902 | Abyss:1  | Cast into level 1 of the Abyss (salamander)
 36926 | Snake:2  | Escaped the Abyss
 38233 | Snake:2  | Noticed Louise
 38243 | Abyss:3  | Cast into level 3 of the Abyss (Louise)
 38573 | Abyss:3  | Noticed a tentacled starspawn
 38614 | Abyss:3  | HP: 2/77 [laughing skull/bolt of negative energy (11)]
 38614 | Abyss:3  | Slain by a thrashing horror

Illustrated notes

Levels and vault maps discovered:
D:1:      dpeg_arrival_renting, layout_basic, ebering_ecumenical_altar_box
D:2:      layout_loops_cross
D:3:      layout_rooms, nemelex_xobeh_ov_fountains_minmay, uniq_sigmund
D:4:      kennysheep_spiral_hall, layout_rooms, overflow_temple_1_default,
          elyvilon_altar_3
D:5:      layout_cave_pods, temple_doors_ab, chequers_decorated_corner
D:6:      layout_basic, mainiacjoe_overflow_concentric_impassable,
          lemuel_doored_altar
D:7:      gammafunk_corrupted_shrine, layout_gridville,
          yredelemnul_altar_generic, grunt_temple_overflow_open
D:8:      layout_loops_ring, serial_shops, nicolae_shop_tiny_statue_garden,
          uniq_prince_ribbit1, uniq_gastronok, uniq_amaemon
D:9:      layout_loops_cross, mainiacjoe_overflow_small_starburst
D:10:     layout_loops_ring, erik_lair_orcish_takeover,
          nicolae_concentric_dashed_squares_mild, uniq_maurice, uniq_erolcha
D:11:     layout_rooms, hiddenorc2_lemuel, introduction_to_nature_2
D:12:     layout_roguey
D:13:     layout_stronghold, david_vaults_2, uniq_lodul
D:14:     layout_basic, muffindrake_ghost_dual_entry, minmay_crystal_room,
          fedhas_altar_2
D:15:     hangedman_depths_entry_try_elsewhere_first, layout_irregular_city,
          nicolae_uskayaw_suspiria
Temple:   grunt_temple_mini_profane
Lair:1:   layout_long_grid
Lair:2:   layout_cave_pods, guppyfry_snake_entry_garden, uniq_nergalle
Lair:3:   layout_regular_city, minmay_shoals_entry_lonely_mermaid,
          hibernation_bobbens
Lair:4:   layout_loops_ring, slime_entry_1, cheibrodos_lair_caveside_slide,
          uniq_urug
Lair:5:   due_jungle_book, layout_cave_shapes, st_stairs_6,
          kennysheep_basilisk_garden
Snake:1:  layout_chambers, special_room, grunt_megastairs_2, uniq_aizul,
          uniq_kirke
Snake:2:  layout_gridlike, st_stairs_4, uniq_louise, uniq_frances
Orc:1:    layout_caves, kennysheep_orc_chapel
Orc:2:    st_orc_ogre_mass, layout_caves, serial_shops,
          nicolae_shop_overgrown_old_shop, nicolae_shop_clearance, uniq_donald
Abyss:3:  base: Lair:5, gammafunk_corrupted_shrine

Skill      XL: |  1  2  3  4  5  6  7  8  9 10 11 12 13 14 15 16 17 |
---------------+----------------------------------------------------+-----
Stealth        | 1 2 |  2.0
Shapeshifting  | 4 5 6 8 10 11 13 14 | 14.0
Fighting       | 2 3 5 6 8 9 10 11 12 | 12.5
Armour         | 3 5 6 9 11 | 11.4
Unarmed Combat | 4 5 7 9 11 12 13 15 16 | 16.0
Dodging        | 3 4 6 9 10 12 13 | 13.0
Evocations     | 2 |  2.0
Shields        | 5 9 11 | 11.0

Action                     |  1- 3 |  4- 6 |  7- 9 | 10-12 | 13-15 | 16-18 || total
---------------------------+-------+-------+-------+-------+-------+-------++-------
  Melee: Unarmed           |    77 |    71 |   170 |   719 |  1084 |   854 ||  2975
         Punch             |     1 |     2 |    10 |     2 |       |       ||    15
   Fire: Orcbow            |       |       |   112 |    20 |       |       ||   132
         Arbalest          |       |       |       |       |    15 |    33 ||    48
  Throw: Dart              |     2 |    11 |    12 |       |     3 |       ||    28
 Invoke: Sacrifice Words   |       |       |       |     1 |       |       ||     1
         Draw Out Power    |       |       |       |     1 |     6 |     8 ||    15
         Sacrifice Drink   |       |       |       |     1 |       |       ||     1
         Power Leap        |       |       |       |       |     4 |     2 ||     6
         Reject Sacrifices |       |       |       |       |     3 |       ||     3
         Sacrifice Arcana  |       |       |       |       |     1 |       ||     1
Ability: Dig               |       |     1 |     1 |     5 |     9 |     8 ||    24
  Evoke: Wand              |       |       |     5 |    15 |    15 |     1 ||    36
         Phantom mirror    |       |       |       |       |       |     1 ||     1
    Use: Potion            |       |     1 |       |       |     1 |     1 ||     3
         Scroll            |       |       |       |    13 |     8 |     5 ||    26
   Stab: Sleeping          |     3 |       |       |       |       |     1 ||     4
         Distracted        |       |       |       |     5 |     6 |     5 ||    16
         Invisible         |       |       |       |     3 |    21 |    11 ||    35
 Armour: Animal skin       |    33 |     5 |       |       |       |       ||    38
         Ring mail         |       |    28 |   128 |    43 |       |   303 ||   502
         Skin              |       |     6 |       |   245 |   247 |       ||   498
         Plate armour      |       |       |       |       |   133 |    34 ||   167
  Dodge: Dodged            |    46 |    25 |   105 |   488 |   500 |   335 ||  1499
  Block: Other             |       |       |       |    23 |   102 |       ||   125
         Reflection        |       |       |       |       |     6 |    23 ||    29
         Kite shield       |       |       |       |       |    90 |   354 ||   444
   Form: Flux              |       |       |       |     2 |       |       ||     2
         Beast             |       |       |       |     1 |     1 |     1 ||     3
         Serpent           |       |       |       |       |       |     1 ||     1

Table legend: (Time is in decaauts)
 A = Elapsed time spent in this place.
 B = Non-inter-level travel time spent in this place.
 C = Inter-level travel time spent in this place.
 D = Time resting spent in this place.
 E = Time spent auto-exploring this place.
 F = Levels seen in this place.
 G = Mean time per level.
                   A        B        C        D        E       F      G
               +--------+--------+--------+--------+--------+-----+--------+
         Total |  38512 |  35721 |   2791 |   2440 |  26633 |  27 | 1426.4 |
       Dungeon |  21872 |  19861 |   2011 |   1600 |  14652 |  15 | 1458.1 |
        Temple |      4 |      3 |      1 |      0 |      0 |   1 |    4.0 |
          Lair |   9260 |   8785 |    475 |    562 |   6497 |   5 | 1852.0 |
     Snake Pit |   4322 |   4275 |     47 |    161 |   3504 |   2 | 2161.0 |
  Orcish Mines |   2683 |   2428 |    255 |     24 |   1923 |   2 | 1341.5 |
         Abyss |    369 |    369 |      0 |     93 |     56 |   2 |  184.5 |
               +--------+--------+--------+--------+--------+-----+--------+

Top non-repeatable levels by time:
    D:13: 3301 daAuts
  Lair:5: 2949 daAuts
     D:7: 2928 daAuts
 Snake:1: 2557 daAuts
  Lair:2: 2137 daAuts
    D:11: 2091 daAuts
     D:6: 1825 daAuts
 Snake:2: 1764 daAuts
     D:8: 1734 daAuts
   Orc:2: 1729 daAuts
  Lair:3: 1712 daAuts
     D:5: 1485 daAuts
  Lair:4: 1473 daAuts
     D:9: 1445 daAuts
    D:10: 1327 daAuts
